 Dungeon Crawl Stone Soup version 0.18.1-48-g4cf74bf (webtiles) character file.

115 Alarkh the Poker (level 4, 0/33 HPs)
             Began as a Mummy Skald on July 20, 2016.
             Slain by a scorpion (7 damage)
             ... on level 3 of the Dungeon.
             The game lasted 00:03:44 (2456 turns).

Alarkh the Poker (Mummy Skald)                      Turns: 2456, Time: 00:03:45

Health: 0/33       AC:  4    Str: 15    XL:     4   Next: 68%
Magic:  5/7        EV: 11    Int: 12    God:
Gold:   90         SH:  0    Dex: 11    Spells: 3 memorised, 1 level left

rFire  x . .     SeeInvis .     a - +1 spear
rCold  + . .     Gourm    .     b - +0 leather armour
rNeg   + + +     Faith    .     (no shield)
rPois  ∞         Spirit   .     (no helmet)
rElec  .         Dismiss  .     h - +0 cloak
rCorr  +         Reflect  .     (no gloves)
SustAt .         Harm     .     (no boots)
MR     .....                    (no amulet)
Stlth  +.........               k - ring of resist corrosion
                                (no ring)

@: infused (expiring), not resistant to hostile enchantments, very unstealthy
A: no food or potions, fire vulnerability, cold resistance 1, negative energy
resistance 3, torment resistance, unbreathing
a: no special abilities


You were on level 3 of the Dungeon.
You were not hungry.

You visited 1 branch of the dungeon, and saw 4 of its levels.

You collected 90 gold pieces.

Inventory:

Hand Weapons
 a - a +1 spear (weapon)
Armour
 b - a +0 leather armour (worn)
 h - a +0 cloak (worn)
 i - a +0 buckler
Jewellery
 k - a ring of resist corrosion (right hand)
Scrolls
 d - a scroll of blinking {unknown}
 e - a scroll of enchant weapon
 f - 2 scrolls of remove curse
 j - a scroll of identify {unknown}
Books
 c - a book of Battle

   Spells                             Type                      Level
   a - Infusion                       Charms                       1
   b - Shroud of Golubria             Charms/Translocation         2
   c - Song of Slaying                Charms                       2
   d - Spectral Weapon                Hexes/Charms                 3
   e - Regeneration                   Charms/Necromancy            3


   Skills:
 - Level 2.0 Fighting
 + Level 4.1 Polearms
 - Level 0.7 Armour
 - Level 0.7 Dodging
 - Level 2.0 Spellcasting
 - Level 2.4 Charms


You had one spell level left.
You knew the following spells:

 Your Spells              Type           Power        Failure   Level  Hunger
a - Infusion              Chrm           #...         14%         1    N/A
b - Shroud of Golubria    Chrm/Tloc      #.........   34%         2    N/A
c - Spectral Weapon       Hex/Chrm       #.......     69%         3    N/A

Dungeon Overview and Level Annotations

Branches:
Dungeon (4/15)
 Temple: D:4-7

Altars:
Ashenzari
Cheibriados
Makhleb
Qazlal
Vehumet


Innate Abilities, Weirdness & Mutations

You do not eat or drink.
Your flesh is vulnerable to fire.
You are immune to poison.
Your flesh is cold resistant.
You are immune to negative energy.
You are immune to unholy pain and torment.
You can survive without breathing.


Message History

The scorpion is lightly wounded.
The scorpion stings you.
You closely miss the scorpion.
The scorpion is lightly wounded.
Your shroud unravels.
The scorpion stings you but does no damage.
You closely miss the scorpion.
The scorpion is lightly wounded.
Your magical infusion is running out.
The scorpion stings you.
You are too injured to fight recklessly!
You are too injured to fight recklessly!
The scorpion stings you.
Your magical contamination has completely faded away.
You climb upwards.
There is a stone staircase leading down here.
The scorpion stings you.
* * * LOW HITPOINT WARNING * * *
The scorpion stings you!
You die...

<.%..###.............<..####...##
........##...#..........# ##...#
...#....................# ##...
.....................#### #...
..........(...........########...
.......÷............#.#......####
......................#......#
...##...##...#.s.............#
...###########>.@............#
..## ##.....##<......# .##
##...####......# ## #####
#......# #......# #......#
########


You could see a scorpion.

Vanquished Creatures
  4 adders (D:2)
  3 oozes
  A worm (D:3)
  3 dart slugs
  A giant gecko (D:1)
  3 giant cockroaches
  12 hobgoblins
  8 bats
  5 giant newts
  5 goblins (D:1)
  8 kobolds
  4 rats
57 creatures vanquished.

Notes
Turn   | Place    | Note
--------------------------------------------------------------
     0 | D:1      | Alarkh the Mummy Skald began the quest for the Orb.
     0 | D:1      | Reached XP level 1. HP: 16/16 MP: 3/3
    58 | D:1      | Reached skill level 2 in Polearms
   108 | D:1      | Reached XP level 2. HP: 18/22 MP: 0/5
   544 | D:1      | Reached XP level 3. HP: 20/27 MP: 0/6
   611 | D:1      | Reached skill level 3 in Polearms
   987 | D:2      | Found a shattered altar of Ashenzari.
  1221 | D:2      | Reached XP level 4. HP: 30/33 MP: 3/7
  1384 | D:2      | Learned a level 2 spell: Shroud of Golubria
  1388 | D:2      | Learned a level 3 spell: Spectral Weapon
  1608 | D:3      | Found a snail-covered altar of Cheibriados.
  1613 | D:3      | Reached skill level 4 in Polearms
  1898 | D:3      | Found a burning altar of Makhleb.
  1898 | D:3      | Found a stormy altar of Qazlal.
  1984 | D:4      | Found a radiant altar of Vehumet.
  2044 | D:4      | HP: 1/33 [scorpion (8)]
  2456 | D:3      | Slain by a scorpion

Skill      XL: |  1  2  3  4 |
---------------+-------------+-----
Polearms       | 2 3 4 |  4.1
Fighting       | |  2.0
Armour         | |  0.7
Dodging        | |  0.7
Spellcasting   | |  2.0
Charms         | |  2.4

Action                   |  1- 3 |  4- 6 || total
-------------------------+-------+-------++-------
Melee: Spear             |   139 |    82 ||   221
 Cast: Infusion          |    22 |    15 ||    37
       Shroud of Golubri |       |     1 ||     1
  Use: Scroll            |       |     2 ||     2
 Stab: Sleeping          |     1 |       ||     1
Armor: Leather armour    |    26 |    10 ||    36
Dodge: Dodged            |    60 |    32 ||    92
